 Dungeon Crawl Stone Soup version 0.27-a0-1555-g0e7b3fb1d2 (webtiles) character file.

Game seed: 11065259912668674891

114 blackman the Caller (level 5, -3/33 (35) HPs)
             Began as a Human Wanderer on July 14, 2021.
             Slain by a wight (5 damage)
             ... on level 4 of the Dungeon.
             The game lasted 00:14:39 (5702 turns).

blackman the Caller (Human Wanderer)                Turns: 5702, Time: 00:14:39

HP:   -3/33 (35)    AC:  4    Str: 11    XL:     5   Next: 19%
MP:   11/11         EV: 11    Int: 17    God:
Gold: 158           SH:  0    Dex: 13    Spells: 11/12 levels left

rFire    . . .     SeeInvis .   j - +1 hunting sling (vorpal)
rCold    . . .     Faith    .   (no shield)
rNeg     . . .     Spirit   .   b - +0 robe
rPois    .         Reflect  .   s - +2 hat {Int+3}
rElec    .         Harm     .   (no cloak)
rCorr    .         Rampage  .   (no gloves)
Will     .....                  (no boots)
Stlth    ++........             (no amulet)
HPRegen  0.11/turn              (no ring)
MPRegen  0.12/turn              (no ring)

@: drained
A: no striking features
a: no special abilities


You were on level 4 of the Dungeon.
You visited 1 branch of the dungeon, and saw 4 of its levels.

You collected 158 gold pieces.

Inventory:

Hand Weapons
 a - a +0 dagger
 g - a +0 short sword
 j - a +1 vorpal hunting sling (weapon)
Missiles
 h - 113 stones (quivered ammo)
 i - 27 poisoned darts
 k - 9 sling bullets
 t - 3 atropa-tipped darts
Armour
 b - a +0 robe (worn)
 s - a +2 hat of intelligence (worn)
Jewellery
 r - a ring of flight
Scrolls
 d - a scroll of immolation {unknown}
 e - a scroll of enchant armour
 f - a scroll of noise {unknown}
 l - a scroll of vulnerability {unknown}
 m - a scroll of acquirement {unknown}
 o - a scroll of teleportation {unknown}
 p - a scroll of amnesia {unknown}
 q - a scroll of identify {unknown}
Potions
 n - a potion of lignification {unknown}
 u - a potion of might {unknown}
Miscellaneous
 c - a box of beasts (inert)


   Skills:
 - Level 1.0 Stealth
 * Level 4.2 Spellcasting
 - Level 5.0 Summonings
 - Level 2.1 Fire Magic
 - Level 1.0 Evocations


You had 11 spell levels left.
You knew the following spells:

 Your Spells              Type           Power      Damage    Failure   Level
a - Sandblast             Erth           6%         2d5       16%         1

Your spell library contained the following spells:

 Spells                   Type           Power      Damage    Failure   Level
 Passwall                 Tmut/Erth      2%         N/A       24%         2
 Wereblood                Tmut           3%         N/A       24%         2
 Stone Arrow              Conj/Erth      6%         3d7       43%         3


Dungeon Overview and Level Annotations

Branches:
Dungeon (4/15)
 Temple: D:4-7

Altars:
Nemelex Xobeh
Okawaru
Xom


Message History

Press: ? - help, v - describe, . - travel
Here: a wight, wielding a +3 battleaxe and wearing a +0 robe (lightly damaged)
The floor.
You open the lid... ...and a larval batsting beast flies out!
The box is emptied!
The wight hits you with a +3 battleaxe!
Your larval batsting beast closely misses the wight.
Your larval batsting beast barely misses the wight.
Your larval batsting beast hits the wight.
Your larval batsting beast misses the wight.
What are your orders? t - Shout!
Orders for allies: a - Attack new target. p - Attack previous target. r - Retreat! s - Stop attacking. g - Guard the area. f - Follow me.
Anything else - Cancel.
Gang up on whom?
Press: ? - help, Dir - move target, f/p - wight
Aim: a wight, wielding a +3 battleaxe and wearing a +0 robe (lightly damaged, ally target) Attack!
Your larval batsting beast completely misses the wight.
Your larval batsting beast closely misses the wight.
The wight hits you with a +3 battleaxe!
You feel drained.
The wight hits your larval batsting beast with a +3 battleaxe.
The wight drains your larval batsting beast.
Your larval batsting beast hits the wight.
Your larval batsting beast stings the wight but does no damage.
Your larval batsting beast hits the wight.
Your larval batsting beast stings the wight but does no damage.
Your larval batsting beast closely misses the wight.
Your larval batsting beast barely misses the wight.
A goblin comes into view. It is wielding a +0 club.
As you read the scroll labelled TOPENN QEOG, it crumbles to dust.
It is a scroll of enchant armour.
Your +1 hat of intelligence glows green for a moment.
The goblin shouts!
The wight hits you with a +3 battleaxe!
* * * LOW HITPOINT WARNING * * *
You feel drained.
You die...

# #
############### #
#.....z@....g.# #
#.###########.# #
#.# # #######H#
####.......#######
.....####....†...#
###### ##.#####.#
#.# #.#
#>#####.#####.#


You could see a wight and a goblin.

Vanquished Creatures
  A jelly (D:4)
  A hound skeleton (D:4)
  An adder skeleton (D:4)
  2 worms
  2 dart slugs (D:2)
  An orc (D:3)
  4 ball pythons
  5 endoplasms
  4 giant cockroaches
  4 hobgoblins
  4 jackals (D:4)
  2 quokkas
  2 bats
  4 frilled lizards
  5 goblins
  3 kobolds
  6 rats
51 creatures vanquished.

Vanquished Creatures (collateral kills)
  An adder (D:2)
1 creature vanquished.

Grand Total: 52 creatures vanquished

Notes
Turn   | Place    | Note
-------+----------+-------------------------------------------
     0 | D:1      | blackman the Human Wanderer began the quest for the Orb.
     0 | D:1      | blackman set off with the following items: a +0 dagger, a
                  | +0 robe, a box of beasts; and the following spell
                  | memorised: Sandblast; and the following spells available to
                  | memorise: Passwall, Wereblood, Stone Arrow
     0 | D:1      | Reached XP level 1. HP: 13/13 MP: 3/3
  1463 | D:1      | Reached XP level 2. HP: 18/19 MP: 5/5
  3298 | D:2      | Reached XP level 3. HP: 17/24 MP: 7/7
  3736 | D:2      | Noticed a black bear
  4507 | D:3      | Found a sparkling altar of Nemelex Xobeh.
  4508 | D:3      | Found a shimmering altar of Xom.
  4508 | D:3      | Found an iron altar of Okawaru.
  4926 | D:3      | Reached XP level 4. HP: 30/30 MP: 8/8
  5340 | D:4      | Reached XP level 5. HP: 35/35 MP: 10/10
  5702 | D:4      | Slain by a wight

Illustrated notes

Levels and vault maps discovered:
D:1:      ncdulo_halloftheorcs, layout_basic, grunt_decor_junction,
          minmay_misc_feat_more_columns
D:2:      layout_rooms
D:3:      layout_basic, chequers_temple_overflow_statue_of_worship
D:4:      corexii_shack_village, layout_loops_ring

Skill      XL: |  1  2  3  4  5 |
---------------+----------------+-----
Spellcasting   | 3 4 |  4.2
Fire Magic     | 2 |  2.1
Stealth        | |  1.0
Summonings     | |  5.0
Evocations     | |  1.0

Action                   |  1- 3 |  4- 6 || total
-------------------------+-------+-------++-------
Melee: Dagger            |    47 |       ||    47
       Short sword       |    33 |       ||    33
 Fire: Hunting sling     |    30 |    46 ||    76
 Cast: Sandblast         |    14 |     3 ||    17
Evoke: Box of beasts     |     1 |     1 ||     2
  Use: Potion            |     1 |       ||     1
       Scroll            |       |     1 ||     1
 Stab: Sleeping          |     1 |       ||     1
Armor: Robe              |    22 |     6 ||    28
Dodge: Dodged            |    41 |     7 ||    48

Table legend: (Time is in decaauts)
 A = Elapsed time spent in this place.
 B = Non-inter-level travel time spent in this place.
 C = Inter-level travel time spent in this place.
 D = Time resting spent in this place.
 E = Time spent auto-exploring this place.
 F = Levels seen in this place.
 G = Mean time per level.
                   A        B        C        D        E       F      G
               +--------+--------+--------+--------+--------+-----+--------+
         Total |   5719 |   5436 |    283 |   3219 |   1563 |   4 | 1429.8 |
       Dungeon |   5719 |   5436 |    283 |   3219 |   1563 |   4 | 1429.8 |
               +--------+--------+--------+--------+--------+-----+--------+

Top non-repeatable levels by time:
     D:1: 2933 daAuts
     D:2: 1578 daAuts
     D:3: 758 daAuts
     D:4: 449 daAuts
